 Dungeon Crawl Stone Soup version 0.31-a0-1057-g70f3316b05 (webtiles) character file.

Game seed: 16353785134488256337

405442 Lusmu the Metamorph (level 22, -6/174 HPs)
             Began as a Felid Shapeshifter on Nov 12, 2023.
             Was an Initiate of Gozag.
             Killed from afar by an ice dragon (18 damage)
             ... with a blast of cold
             ... on level 5 of the Abyss on Nov 20, 2023.
             The game lasted 09:54:58 (76749 turns).

Lusmu the Metamorph (Felid Shapeshifter)           Turns: 76749, Time: 09:54:58

Health: -6/174     AC: 24    Str: 23    XL:     22   Next: 36%
Magic:  21/35      EV: 21    Int: 24    God:    Gozag
Gold:   3366       SH:  5    Dex: 17    Spells: 8/37 levels left
                                        Lives:  0   Deaths: 7

rFire   + +          +
                       - Unarmed
rCold   + . .        (shield unavailable)
rNeg    . . .        (body armour unavailable)
rPois   +            (helmet unavailable)
rElec   +            (cloak unavailable)
rCorr   +            (gloves unavailable)
SInv    +            (boots unavailable)
Will    +++..        x - amulet "Reafasak" {Reflect +Blink Int+5 SH+5}
Stlth   ++++++       R - ring "Egygg" {rElec rPois rCorr Int+4 Dex-5}
HPRegen 0.49/turn    v - ring "Pewkunit" {rC+ EV+5}
MPRegen 0.24/turn

%: reflection
@: mighty, ice-armoured, dragon-form, resistant, gold aura, flying
A: dragon claw, dragon scales, breathe fire, flying, boosted hp, giant, (claws
1), (fangs 3), see invisible, (speed 1), (shaggy fur 3), (stealthy paws), no
weapons or thrown items, no armour, multi-lived, (iridescent scales 1), agile 1,
(poison resistance), robust 1
}: 2/15 runes: decaying, serpentine
a: Breathe Fire, Begin Untransformation, Renounce Religion, Evoke Blink, Potion
Petition, Call Merchant, Bribe Branch


You were on level 5 of the Abyss.
You worshipped Gozag.
Gozag was most pleased with you.
You were a fearsome dragon!
You visited 8 branches of the dungeon, and saw 38 of its levels.
You visited the Abyss 2 times.
You visited 1 bazaar.
You also visited: Volcano.

You collected 17530 gold pieces.
You spent 5900 gold pieces at shops.
You paid 8264 gold pieces to Gozag.

Inventory:

Jewellery
 e - a ring of positive energy
 h - a +5 ring of evasion
 o - a +6 ring of dexterity
 u - a ring of protection from fire
 v - the ring "Pewkunit" (right foreclaw) {rC+ EV+5}
   (You found it on level 9 of the Dungeon)

   [ring of evasion]

   EV+5:      It affects your evasion (+5).
   rC+:       It protects you from cold.
 w - the ring of Awe {rF+ rCorr Stlth+}
   (You found it on level 4 of the Swamp)

   [ring of protection from fire]

   rF+:       It protects you from fire.
   rCorr:     It protects you from acid and corrosion.
   Stlth+:    It makes you more stealthy.
 x - the amulet "Reafasak" (around neck) {Reflect +Blink Int+5 SH+5}
   (You bought it in a shop on level 4 of the Dungeon)

   [amulet of reflection]

   Reflect:   It reflects blocked missile attacks.
   Int+5:     It affects your intelligence (+5).
   +Blink:    It lets you blink.
   SH+5:      It affects your SH (+5).
 I - an amulet of regeneration
 Q - a +4 ring of protection
 R - the ring "Egygg" (left foreclaw) {rElec rPois rCorr Int+4 Dex-5}
   (You bought it in a shop on level 3 of the Lair of Beasts)

   [ring of resist corrosion]

   Int+4:     It affects your intelligence (+4).
   Dex-5:     It affects your dexterity (-5).
   rElec:     It insulates you from electricity.
   rPois:     It protects you from poison rCorr: It protects you from acid and
   corrosion.
 X - an amulet of magic regeneration
Talismans
 c - a flux talisman
 q - the beast talisman of Darkness {rElec Will- Dex+4 Stlth+}
   (You found it on level 5 of the Dungeon)

   [beast talisman]

   Dex+4:     It affects your dexterity (+4).
   rElec:     It insulates you from electricity.
   Will-:     It decreases your willpower.
   Stlth+:    It makes you more stealthy.
 z - a blade talisman
 G - a serpent talisman
 H - a granite talisman
 J - the serpent talisman of Liberalism {rF++}
   (You took it off Aizul on level 1 of the Elven Halls)

   [serpent talisman]

   rF++:      It greatly protects you from fire.
 M - a dragon-blood talisman (active)
Wands
 p - a wand of roots (9)
 s - a wand of polymorph (13)
 t - a wand of paralysis (7)
 A - a wand of flame (33)
 L - a wand of digging (8)
 P - a wand of mindburst (13)
 U - a wand of acid (12)
Scrolls
 m - 5 scrolls of amnesia
 n - 5 scrolls of revelation
 r - a scroll of fear
 C - 7 scrolls of immolation
 D - 4 scrolls of silence
 N - a scroll of torment
 O - a scroll of fog
 S - 2 scrolls of poison
 V - 8 scrolls of vulnerability
Potions
 a - 7 potions of lignification
 b - 2 potions of invisibility
 d - 9 potions of mutation
 g - 2 potions of enlightenment
 i - 4 potions of cancellation
 j - 4 potions of curing
 k - 5 potions of brilliance
 B - 7 potions of attraction
 F - 2 potions of magic
 K - 3 potions of resistance
Miscellaneous
 y - a phantom mirror
 E - a phial of floods


   Skills:
 - Level 16.0 Fighting
 + Level 16.0 Dodging
 - Level 15.0 Stealth
 - Level 15.0 Unarmed Combat
 - Level 8.0 Spellcasting
 - Level 5.0 Conjurations
 - Level 18.0 Hexes
 - Level 8.0 Necromancy
 - Level 10.0 Ice Magic
 - Level 5.7 Evocations
 + Level 20.9 Shapeshifting


You had 8 spell levels left.
You knew the following spells:

 Your Spells              Type           Power      Damage    Failure   Level
a - Tukima's Dance        Hex            77%        N/A       0%          3
b - Magic Dart            Conj           100%       1d8       1%          1
c - Hailstorm             Conj/Ice       45%        3d10      1%          3
d - Ozocubu's Armour      Ice            55%        N/A       1%          3
e - Metabolic Englaciati  Hex/Ice        33%        N/A       1%          5
f - Anguish               Hex/Necr       32%        N/A       1%          4
g - Vampiric Draining     Necr           48%        2d9       1%          3
h - Enfeeble              Hex            38%        N/A       3%          7

Your spell library contained the following spells:

 Spells                   Type           Power      Damage    Failure   Level
 Sigil of Binding         Hex            77%        N/A       0%          3
 Kiss of Death            Conj/Necr      100%       2d13      1%          1
 Necrotise                Necr           100%       1d9       1%          1
 Dazzling Flash           Conj/Hex       100%       N/A       1%          3
 Frozen Ramparts          Ice            100%       1d16      1%          3
 Inner Flame              Hex/Fire       51%        N/A       1%          3
 Cause Fear               Hex            38%        N/A       1%          4
 Leda's Liquefaction      Hex/Erth       25%        N/A       1%          4
 Foxfire                  Conj/Fire      84%        2x1d8     2%          1
 Shock                    Conj/Air       84%        1d8       2%          1
 Cigotuvi's Dreadful Rot  Necr/Pois/Air  44%        N/A       3%          2
 Apportation              Tloc           18%        N/A       6%          1
 Summon Small Mammal      Summ           36%        N/A       6%          1
 Stone Arrow              Conj/Erth      42%        3d9       7%          3
 Agony                    Necr           48%        N/A       7%          5
 Blink                    Tloc           18%        N/A       10%         2
 Call Imp                 Summ           18%        N/A       10%         2
 Lesser Beckoning         Tloc           18%        N/A       10%         2
 Mephitic Cloud           Conj/Pois/Air  17%        N/A       10%         3
 Call Canine Familiar     Summ           9%         N/A       19%         3
 Gell's Gravitas          Tloc           9%         N/A       19%         3
 Ignite Poison            Fire/Tmut/Pois 9%         N/A       19%         3
 Teleport Other           Tloc           9%         N/A       19%         3
 Volatile Blastmotes      Fire/Tloc      18%        2d11      19%         3
 Flame Wave               Conj/Fire      21%        2d8       22%         4
 Iskenderun's Mystic Bla  Conj/Tloc      21%        2d6       22%         4
 Sticky Flame             Conj/Fire      21%        2d4       22%         4
 Freezing Cloud           Conj/Ice/Air   16%        6-21      22%         5
 Borgnjor's Vile Clutch   Necr/Erth      14%        N/A       34%         5
 Death Channel            Necr           24%        N/A       36%         6
 Manifold Assault         Tloc           9%         N/A       54%         4
 Petrify                  Tmut/Erth      9%         N/A       54%         4
 Vhi's Electric Charge    Tloc/Air       18%        N/A       54%         4
 Arcjolt                  Conj/Air       10%        1d20      54%         5
 Fireball                 Conj/Fire      10%        3d6       54%         5
 Ozocubu's Refrigeration  Ice            27%        4d13      65%         7
 Starburst                Conj/Fire      10%        6d5       98%         6
 Dispersal                Tloc           4%         N/A       100%        6
 Plasma Beam              Fire/Air       4%         2x1d14    100%        6
 Haunt                    Necr/Summ      14%        N/A       100%        7
 Malign Gateway           Summ/Tloc      4%         N/A       100%        7
 Borgnjor's Revivificati  Necr           24%        N/A       100%        8
 Disjunction              Tloc           4%         N/A       100%        8
 Lehudib's Crystal Spear  Conj/Erth      10%        10d4      100%        8
 Maxwell's Capacitive Co  Air            4%         ∞         100%        8
 Summon Horrible Things   Summ           4%         N/A       100%        8
 Fire Storm               Conj/Fire      10%        8d3       100%        9
 Dimensional Bullseye     Hex/Tloc       Unusable   N/A       N/A         4
 Animate Dead             Necr           Unusable   N/A       N/A         4
 Animate Armour           Summ/Erth      Unusable   N/A       N/A         4

Dungeon Overview and Level Annotations

Branches:
Dungeon (15/15)            Temple (1/1) D:7            Lair (5/5) D:9
  Swamp (4/4) Lair:3        Snake (4/4) Lair:3        Slime (0/5) Lair:5
    Orc (2/2) D:12            Elf (3/3) Orc:2        Vaults (0/5) D:13
 Depths (4/4) D:15            Zot (0/5) Depths:4    Volcano (visited)

Altars:
Ashenzari
Cheibriados
Dithmenos
Elyvilon
Fedhas
Gozag
Hepliaklqana
Kikubaaqudgha
Makhleb
Nemelex Xobeh
Okawaru
Qazlal
Ru
Sif Muna
Trog
Uskayaw
Vehumet
Wu Jian
Xom
Yredelemnul
Zin
The Shining One
Lugonu

Shops:
D:4 :=   D:5 ?   D:7 [   D:8 (   D:12 [   D:13 ?   D:15 **   Orc:2 !(::
Elf:1 :   Elf:2 (   Lair:1 ==*   Lair:3 =   Lair:4 =   Snake:1 :=:   Snake:4 *
Depths:3 (

Portals:
Hell: Depths:2 Depths:3
Abyss: Lair:5 Depths:1 Depths:3
Pandemonium: Depths:2
Ziggurat: Depths:3
Trove: D:10 (show slimy rune of Zot)

Annotations:
Swamp:3 2 runed translucent doors, Daxtuur's ghost, adept GrGl
Swamp:4 farilari's ghost, adept SpHu
Snake:3 1 runed translucent door, Elezeri's ghost, adept DrSh
Elf:2 3 runed translucent doors


Innate Abilities, Weirdness & Mutations

You are a fearsome dragon!
You have a powerful clawing attack.
Your giant scaled body is strong and resilient, but less evasive.
You can breathe fire.
You are flying.
Your maximum health is greatly increased.
((You have sharp claws.))
((You have razor-sharp teeth.))
You have supernaturally acute eyesight. (SInv)
((You cover ground quickly. (Speed+)))
((Your thick and shaggy fur keeps you warm. (AC +3, rC+)))
((Your paws help you pounce on unaware monsters.))
You are incapable of wielding weapons or throwing items.
You cannot wear armour.
You gain extra lives every three experience levels.
((You are partially covered in iridescent scales. (AC +2)))
You are agile. (Dex +4, Str/Int -1)
((Your system is resistant to poisons. (rPois)))
You are robust. (+10% HP)


Message History

The bone dragon tramples you but does no damage.
You feel very mighty all of a sudden. The bone dragon misses you.
The bone dragon closely misses you. You block the bone dragon's attack.
The ice dragon misses you. The ice dragon closely misses you.
The ice dragon misses you.
You feel protected.
The ogre mage hits you but does no damage.
The bone dragon bites you but does no damage.
The bone dragon claws you.
* * * LOW HITPOINT WARNING * * *
The bone dragon tramples you but does no damage.
You claw the ice dragon!
You bite the ice dragon, but do no damage.
The ice dragon is heavily wounded.
The ice dragon bites you but does no damage.
The ice dragon misses you.
The ice dragon tramples you but does no damage.
You bite the ice dragon!!
The ice dragon is almost dead.
You hear a howl!
The bone dragon bites you but does no damage.
The bone dragon claws you but does no damage.
You block the bone dragon's attack.
You bite the ice dragon!!
You kill the ice dragon!
The bone dragon is distracted by your dazzling golden aura.
The ogre mage barely misses you.
You feel the corruption within you wane completely.
You feel clever.
You closely miss the chaos spawn.
The chaos spawn is heavily wounded.
The ice dragon breathes frost at you.
The blast of cold hits the chaos spawn!!!
The chaos spawn dies!
The chaos spawn degenerates into a cloud of primal chaos!
The blast of cold hits you. You resist.
* * * LOW HITPOINT WARNING * * *
The blast of cold hits you!! You resist.
You die...
Your body crumbles into a pile of gold.

# . .. .
.#....# .#
# ## .. . #
#. h###. .
#. # ....#
###.# # ...
# .#.# .
#..#..# # .
. . #h....
...#
##.##.#O###
# ⌠.
#⌠⌠.D§D# #
# # #
'#.#D# #
### #
..b⌠### ..
## #....'⌠#
. #. #Y
...### #
.4§..## ..
. ## b#


You could see a bone dragon, an ice dragon (catching breath), an ogre mage
(invisible, poisoned, slow) and a raiju.

Vanquished Creatures
  Vashnia (Snake:2)
  Nikola (Snake:1)
  A bone dragon (Swamp:4)
  Rupert (D:14)
  Mlioglotl (Snake:1)
  2 sphinxes
  Gastronok (D:12)
  4 tentacled starspawn
  Kirke (Lair:3)
  An Executioner (Abyss:3)
  Agnes (D:15)
  A thorn hunter (Swamp:4)
  A fenstrider witch (Swamp:4)
  Aizul (Elf:1)
  A draconian monk (Depths:4)
  4 nagarajas (Snake:4)
  2 deep elf sorcerers (Elf:3)
  3 fire giants
  Louise (Snake:1)
  A draconian knight (Depths:4)
  3 frost giants
  A deep elf elementalist (Elf:1)
  3 stone giants
  An orc warlord (Orc:1)
  A ghoul (Swamp:4)
  A caustic shrike skeleton (Depths:2)
  22 very ugly things
  A deep elf demonologist (Elf:3)
  Nessos (D:12)
  2 eleionomae
  A vampire knight (Depths:3)
  2 black draconians (Depths:4)
  A white draconian (Abyss:4)
  A purple draconian (Depths:4)
  4 deep elf annihilators
  A deep elf death mage (Elf:3)
  6 bunyips
  6 ettins
  6 fire dragons
  A shambling mangrove (Swamp:2)
  9 hydras
  4 rakshasas
  7 ice dragons
  A spriggan zombie (Abyss:4)
  5 deep elf high priests
  The ghost of Zunkoes the Nimble, a journeyman TeWr of Hepliaklqana (D:14)
  7 anacondas
  A catoblepas (Lair:3)
  4 ghost crabs
  2 salamander tyrants
  A death knight (D:15)
  3 boulder beetles
  11 alligators
  2 vault guards
  A caustic shrike simulacrum (Depths:2)
  4 centaur warriors
  2 spriggan air magi
  19 dancing weapons
  4 deep troll earth magi
  11 death yaks
  A hell hog (Abyss:4)
  12 naga warriors
  An occultist (Depths:2)
  A deep troll shaman (Depths:3)
  3 demonic crawlers
  A vampire mage (Depths:1)
  17 naga sharpshooters
  5 sun demons
  12 thrashing horrors
  A tengu warrior (D:14)
  Urug (D:13)
  A soul eater (Depths:1)
  4 hell knights
  5 shock serpents
  8 deep elf knights
  3 spriggan berserkers
  An iron troll (D:15)
  2 wretched stars
  2 salamander mystics
  8 skeletal warriors
  A skyshark (Lair:4)
  8 deep trolls
  A goliath frog (shapeshifter) (Depths:4)
  A sixfirhy (Abyss:3)
  2 death drakes
  4 goliath frogs
  14 large abominations
  5 naga ritualists
  6 spriggan druids
  A flayed ghost (Depths:1)
  A glowing orange brain (Depths:4)
  10 bog bodies
  A lindwurm (shapeshifter) (Lair:5)
  13 deep elf archers
  3 orc knights
  15 deep elf zephyrmancers
  A golden dragon skeleton (Depths:2)
  8 mana vipers
  28 deep elf pyromancers
  2 phantasmal warriors (Swamp:4)
  10 salamanders
  6 cyclopes
  2 necromancers (Depths:2)
  5 orc sorcerers (Orc:1)
  6 manticores
  2 worldbinders
  5 alligator zombies (Swamp:4)
  35 ugly things
  A moth of wrath (shapeshifter) (D:13)
  2 will-o-the-wisps (Swamp:4)
  A shadow dragon skeleton (Depths:2)
  An apocalypse crab (Abyss:4)
  2 torpor snails
  5 elephants (Lair:5)
  3 guardian serpents (Snake:4)
  8 smoke demons
  A stone giant skeleton (Depths:2)
  16 naga magi
  30 black mambas
  An unseen horror (D:10)
  A gargoyle (D:12)
  13 cane toads
  2 swamp worm zombies (Swamp:4)
  An unseen horror (shapeshifter) (D:14)
  3 rime drakes
  3 freezing wraiths
  A tormentor (Abyss:3)
  11 komodo dragons
  2 kobold demonologists (D:10)
  2 efreet
  3 ancient zymes
  3 hydra zombies (Swamp:4)
  2 tengu conjurers (Depths:4)
  7 trolls
  A tengu simulacrum (Depths:2)
  10 tyrant leeches
  A polar bear (shapeshifter) (Lair:5)
  A troll (shapeshifter) (D:13)
  Prince Ribbit (Lair:2)
  10 hornets
  6 polar bears
  32 blink frogs
  6 spectral swamp dragons (Swamp:4)
  13 raiju
  A glass eye (Depths:4)
  An ettin zombie (Depths:2)
  15 dream sheep
  A frost giant simulacrum (Depths:2)
  A centaur simulacrum (D:13)
  A slime creature (shapeshifter) (Depths:1)
  52 yaks
  2 ynoxinuls (Lair:5)
  4 air elementals (Elf:3)
  A flying skull (Abyss:4)
  8 slime creatures
  10 spriggans
  2 wraiths
  15 small abominations
  3 water elementals
  3 wyverns
  2 fire elementals
  2 starcursed masses (Abyss:3)
  3 golden eyes (Abyss:4)
  2 hogs (Lair:3)
  5 basilisks
  3 steam dragons (Volcano)
  5 chaos spawn
  3 neqoxecs
  A spriggan simulacrum (Depths:2)
  A warg (Orc:2)
  10 vampire mosquitoes
  13 swamp worms
  An acid dragon (D:10)
  52 nagas
  2 hell hounds (Volcano)
  10 water moccasins
  An ice beast (D:7)
  31 orc warriors
  A black bear (Lair:1)
  12 ogres
  4 swamp dragon zombies (Swamp:4)
  A sky beast (D:7)
  A boggart (D:13)
  17 centaurs
  14 wolves
  6 phantoms
  7 kobold brigands
  A glowing shapeshifter simulacrum (Depths:2)
  12 bullfrogs
  A scorpion (D:6)
  7 earth elementals
  10 wights
  3 howler monkeys
  7 electric eels
  4 jellies (Lair:5)
  A jelly (shapeshifter) (Elf:1)
  7 orc priests
  A quasit (Abyss:3)
  A gnoll bouda (D:9)
  5 iguanas
  13 orc wizards
  A spectral swamp drake (Swamp:4)
  12 gnolls
  A swamp drake zombie (Swamp:4)
  7 adders
  A shadow imp (D:7)
  2 white imps (Abyss:4)
  An ufetubus (Abyss:4)
  2 dart slugs (D:3)
  54 orcs
  4 endoplasms
  3 giant cockroaches (D:1)
  3 goblins
  6 hobgoblins
  11 jackals
  22 kobolds
  2 quokkas
  8 ball pythons
  10 bats
  A frilled lizard (D:2)
  3 rats
1242 creatures vanquished.

Vanquished Creatures (collateral kills)
  Donald (Swamp:1)
  Erolcha (D:10)
  A two-headed ogre (D:12)
  A spriggan (Swamp:1)
  Lodul (D:10)
  A hornet (Swamp:1)
  A vampire mosquito (Swamp:1)
  3 orc warriors
  An ogre (D:10)
  4 wights
  A gnoll (D:9)
  8 orcs
  A kobold (D:10)
25 creatures vanquished.

Vanquished Creatures (others)
  An ice dragon (Depths:4)
  A thrashing horror (Abyss:3)
  A goliath frog (Swamp:1)
  An ugly thing (Depths:1)
  6 bloated husks
  A tyrant leech (Swamp:1)
  A small abomination (Abyss:4)
  3 water elementals (Depths:1)
  A yak (D:8)
  3 humans (Lair:3)
  A golden eye (Abyss:4)
  A chaos spawn (Abyss:5)
  A vampire mosquito (Swamp:1)
  15 dancing weapons
  A swamp worm (Swamp:1)
  An orc warrior (Orc:2)
  An orc (Orc:2)
  14 foxfires (Swamp:4)
  11 starspawn tentacles
65 creatures vanquished.

Grand Total: 1332 creatures vanquished

Notes
Turn   | Place    | Note
-------+----------+-------------------------------------------
     0 | D:1      | Lusmu the Felid Shapeshifter began the quest for the Orb.
     0 | D:1      | Reached XP level 1. HP: 9/9 MP: 2/2
   275 | D:1      | Reached XP level 2. HP: 12/12 MP: 3/3
   293 | D:1      | Reached skill level 1 in Stealth
   931 | D:2      | Reached XP level 3. HP: 9/15 MP: 4/4
  1010 | D:2      | Reached skill level 4 in Shapeshifting
  1107 | D:2      | Reached XP level 4. HP: 19/19 MP: 5/5
  1763 | D:3      | Noticed a centaur
  2515 | D:3      | Killed a centaur
  2516 | D:3      | Reached XP level 5. HP: 12/22 MP: 6/6
  2796 | D:3      | Reached skill level 5 in Shapeshifting
  2944 | D:4      | Found Athim's Jewellery Boutique.
  3131 | D:4      | Found Wahotti's Self-Published Books.
  3339 | D:4      | Gained mutation: You are covered in thick fur. (AC +2)
                  | [Felid growth]
  3339 | D:4      | Reached XP level 6. HP: 25/25 MP: 7/7
  3346 | D:4      | Reached skill level 5 in Unarmed Combat
  3447 | D:5      | Entered Level 5 of the Dungeon
  3614 | D:5      | Identified the beast talisman of Darkness {rElec Will-
                  | Dex+4 Stlth+}
  3783 | D:5      | Found Qiafaog's Magic Scroll Emporium.
  3998 | D:5      | Learned a level 3 spell: Tukima's Dance
  4087 | D:5      | Reached XP level 7. HP: 25/28 MP: 8/8
  4094 | D:5      | Bought a scroll of noise for 13 gold pieces
  4094 | D:5      | Bought a scroll of identify for 26 gold pieces
  4094 | D:5      | Bought a scroll of blinking for 97 gold pieces
  4290 | D:5      | Reached skill level 5 in Stealth
  4290 | D:5      | Reached skill level 6 in Shapeshifting
  4373 | D:6      | HP: 1/28 [orc wizard/+0 dagger (2)]
  4377 | D:6      | Reached skill level 1 in Hexes
  4960 | D:7      | Found a white marble altar of Elyvilon.
  5083 | D:7      | Found Aloereh's Armour Shoppe.
  5206 | D:7      | Found a staircase to the Ecumenical Temple.
  5218 | Temple   | Entered the Ecumenical Temple
  5802 | Temple   | Became a worshipper of Gozag Ym Sagoz the Greedy
  5843 | D:7      | Reached XP level 8. HP: 25/34 MP: 9/9
  5926 | D:7      | Reached skill level 1 in Spellcasting
  6545 | D:6      | Reached skill level 5 in Dodging
  7034 | D:8      | Reached skill level 5 in Hexes
  7351 | D:8      | Reached skill level 1 in Evocations
  7625 | D:8      | Reached XP level 9. HP: 33/40 MP: 13/15
  8051 | D:8      | Paralysed by a hornet for 2 turns
  8057 | D:8      | Reached skill level 5 in Fighting
  8140 | D:8      | Found Diugg's Weapon Emporium.
  8248 | D:8      | Identified a scroll of acquirement
  8305 | D:7      | Identified the "Visol" (You acquired it on level 7 of the
                  | Dungeon)
  8305 | D:7      | Acquired the Enchiridion on Destructive Gloom
  8311 | D:7      | Learned a level 1 spell: Magic Dart
  8603 | D:9      | Noticed a troll
  8613 | D:9      | Killed a troll
  8750 | D:9      | Noticed a manticore
  8750 | D:9      | Noticed a centaur warrior
  9013 | D:9      | Identified the ring "Pewkunit" {rC+ EV+5}
  9749 | D:9      | Found a staircase to the Lair.
  9823 | D:8      | Reached skill level 7 in Shapeshifting
  9950 | D:4      | Bought the amulet "Reafasak" {Reflect +Blink Int+5 SH+5}
                  | for 545 gold pieces
 10080 | D:8      | Reached XP level 10. HP: 39/44 MP: 7/17
 10275 | D:9      | Reached skill level 1 in Conjurations
 10527 | D:9      | Learned a level 3 spell: Hailstorm
 10591 | D:9      | Reached skill level 1 in Ice Magic
 10726 | D:9      | Killed a centaur warrior
 11258 | D:10     | Entered Level 10 of the Dungeon
 11489 | D:10     | Noticed Erolcha
 11875 | D:10     | Noticed a +0 falchion
 11876 | D:10     | Noticed a +0 dagger
 11876 | D:10     | Noticed a +0 spear
 11876 | D:10     | Noticed a +0 spear
 11877 | D:10     | Noticed a +0 dagger
 11877 | D:10     | Noticed a +0 short sword
 11877 | D:10     | Noticed a +0 falchion
 11879 | D:10     | Noticed a +0 short sword
 12004 | D:10     | Noticed Lodul
 12012 | D:10     | Paralysed by Lodul for 5 turns
 12350 | Lair:1   | Entered Level 1 of the Lair of Beasts
 12350 | Lair:1   | Noticed a black mamba
 12351 | Lair:1   | Killed a black mamba
 12374 | Lair:1   | Noticed a cane toad
 12376 | Lair:1   | Killed a cane toad
 12389 | Lair:1   | Noticed a cane toad
 12447 | Lair:1   | Reached XP level 11. HP: 48/48 MP: 18/18
 12682 | Lair:1   | Learned a level 3 spell: Ozocubu's Armour
 12866 | Lair:1   | Reached skill level 5 in Spellcasting
 13072 | Lair:1   | Reached skill level 5 in Conjurations
 13072 | Lair:1   | Reached skill level 5 in Ice Magic
 13765 | Lair:1   | Gained mutation: Your system is resistant to poisons.
                  | (rPois) [potion of mutation]
 13765 | Lair:1   | Gained mutation: Your spells are a little harder to cast,
                  | but a little more powerful. [potion of mutation]
 14148 | Lair:2   | Identified the +2 chain mail "Qivieriu" {rPois Str+3}
 14275 | Lair:2   | Learned a level 5 spell: Metabolic Englaciation
 14323 | Lair:2   | Identified the +8 long sword of Hujufev {speed, rN+ Str+5
                  | Dex-5}
 14586 | Lair:2   | Reached skill level 10 in Stealth
 14795 | Lair:2   | Gained mutation: Your thick and shaggy fur keeps you warm.
                  | (AC +3, rC+) [Felid growth]
 14795 | Lair:2   | Reached XP level 12. HP: 25/54 MP: 22/22
 15093 | Lair:2   | Noticed a death yak
 15093 | Lair:2   | Noticed a death yak
 15093 | Lair:2   | Noticed a death yak
 15301 | Lair:2   | Noticed a death yak
 15301 | Lair:2   | Noticed a death yak
 15770 | Lair:3   | Found a staircase to the Snake Pit.
 15888 | Lair:3   | Noticed a boulder beetle
 16093 | Lair:3   | Noticed Kirke
 16115 | Lair:3   | Killed Kirke
 16880 | Lair:3   | Noticed an eight-headed hydra
 16929 | Lair:3   | Noticed a catoblepas
 16941 | Lair:3   | Killed a catoblepas
 17007 | Lair:3   | Killed an eight-headed hydra
 17230 | Lair:3   | Reached skill level 10 in Hexes
 17493 | Lair:3   | Noticed an eight-headed hydra
 17497 | Lair:3   | Noticed a five-headed hydra
 17507 | Lair:3   | Killed a five-headed hydra
 17523 | Lair:3   | Killed an eight-headed hydra
 17624 | Lair:3   | Found a staircase to the Swamp.
 17756 | Lair:3   | Killed a boulder beetle
 17963 | Lair:4   | Noticed a four-headed hydra
 17968 | Lair:4   | Killed a four-headed hydra
 17969 | Lair:4   | Reached XP level 13. HP: 60/60 MP: 23/23
 18105 | Lair:4   | Reached skill level 5 in Evocations
 19342 | Lair:5   | Identified the "Dotorru"
 19342 | Lair:5   | Entered Level 5 of the Lair of Beasts
 19456 | Lair:4   | Identified the "Tixkopp" (You acquired it on level 4 of
                  | the Lair of Beasts)
 19456 | Lair:4   | Acquired 1022 gold pieces
 19635 | D:4      | Bought a serpent talisman for 300 gold pieces
 19895 | Lair:4   | Reached skill level 10 in Fighting
 20101 | Lair:5   | Reached skill level 10 in Dodging
 20484 | Lair:5   | Found a staircase to the Slime Pits.
 20754 | Lair:5   | Reached skill level 8 in Shapeshifting
 20940 | Lair:5   | Reached skill level 9 in Shapeshifting
 21692 | Lair:5   | Reached skill level 10 in Shapeshifting
 21900 | Lair:5   | Identified the staff of Luedghu {*Slow rC+ Int+6 Ice}
 22444 | Lair:5   | Reached XP level 14. HP: 66/66 MP: 24/24
 22615 | Lair:5   | Found a corrupted altar of Lugonu.
 22615 | Lair:5   | Found a one-way gate to the infinite horrors of the Abyss.
 22631 | Lair:5   | Identified the +3 shortbow "Naqyibb" {heavy, rElec rF+
                  | rCorr}
 23250 | Lair:5   | Identified the +1 battleaxe of Wotac {heavy, Drain rC++
                  | rCorr Str-2}
 23918 | Lair:2   | Noticed Prince Ribbit
 23922 | Lair:2   | Killed Prince Ribbit
 23954 | Lair:2   | Reached skill level 11 in Shapeshifting
 25479 | D:10     | Upgraded the game from 0.31-a0-1008-g5b978dac0e to
                  | 0.31-a0-1009-g454b1f1e0a
 25510 | D:10     | Killed Lodul
 25515 | D:10     | Killed Erolcha
 25547 | D:10     | Found a hide-covered altar of Uskayaw.
 25803 | D:10     | Found a portal to a secret trove of treasure.
 26329 | D:11     | Found a hazy altar of Hepliaklqana.
 27831 | D:12     | Found a staircase to the Orcish Mines.
 27856 | D:12     | Reached skill level 10 in Unarmed Combat
 27956 | D:12     | Found Etorus's Armour Shoppe.
 28196 | D:12     | Reached skill level 12 in Shapeshifting
 28372 | D:12     | Noticed Gastronok
 29207 | D:13     | Noticed Urug
 29275 | D:13     | Killed Urug
 29326 | D:13     | Reached skill level 13 in Shapeshifting
 29543 | D:13     | Identified the +0 pair of boots of Precision Catastrophes
                  | {rPois Str+3 Int-3 Dex+2}
 29955 | D:13     | Found a gate to the Vaults.
 30071 | D:13     | Slain by a +6 long sword
 30263 | D:13     | Bought a scroll of identify for 24 gold pieces
 30263 | D:13     | Bought a scroll of identify for 24 gold pieces
 30263 | D:13     | Bought a scroll of summoning for 114 gold pieces
 30263 | D:13     | Bought a scroll of identify for 24 gold pieces
 30335 | D:14     | Reached XP level 15. HP: 69/69 MP: 25/25
 30748 | D:14     | Found a runed translucent gate.
 30750 | D:14     | Found a runed translucent gate.
 30750 | D:14     | Found an opulent altar of Gozag.
 30751 | D:14     | Found a runed translucent gate.
 30995 | D:14     | Reached skill level 14 in Shapeshifting
 31438 | D:14     | Noticed a sphinx
 31439 | D:14     | Noticed Zunkoes's ghost (journeyman TeWr)
 31798 | D:15     | Entered Level 15 of the Dungeon
 31826 | D:15     | Found Cutuurch's General Store.
 32472 | D:15     | Noticed Rupert
 32553 | D:15     | Reached skill level 15 in Shapeshifting
 32957 | D:14     | Upgraded the game from 0.31-a0-1009-g454b1f1e0a to
                  | 0.31-a0-1057-g70f3316b05
 32973 | D:14     | Killed Rupert
 32995 | D:15     | Noticed Agnes
 33889 | D:15     | Killed Agnes
 34276 | D:15     | Reached skill level 16 in Shapeshifting
 34662 | D:15     | Found a staircase to the Depths.
 34873 | D:12     | Noticed Nessos
 34889 | D:12     | Killed Nessos
 35281 | D:12     | Killed Gastronok
 35382 | Orc:1    | Entered Level 1 of the Orcish Mines
 35749 | Orc:1    | Found a dark tunnel.
 35761 | Orc:1    | Learned a level 4 spell: Anguish
 35763 | Volcano  | Entered a volcano
 35882 | Volcano  | Reached skill level 1 in Necromancy
 36406 | Orc:2    | Entered Level 2 of the Orcish Mines
 36588 | Orc:2    | Found a staircase to the Elven Halls.
 37112 | Orc:2    | Found Oxemeur's Book Shop.
 37113 | Orc:2    | Found Doppu's Weapon Shoppe.
 37113 | Orc:2    | Found Qeson's Book Boutique.
 37116 | Orc:2    | Found Huofaot's Distillery.
 37261 | Orc:2    | Reached XP level 16. HP: 73/73 MP: 28/28
 37468 | Orc:2    | Bought a manual of Fighting for 1040 gold pieces
 37496 | Orc:2    | Bought a potion of heal wounds for 60 gold pieces
 37496 | Orc:2    | Bought a potion of heal wounds for 60 gold pieces
 37505 | Orc:2    | Bought a book of Necromancy for 312 gold pieces
 37512 | Orc:2    | Learned a level 3 spell: Vampiric Draining
 37739 | Swamp:1  | Entered Level 1 of the Swamp
 37739 | Swamp:1  | Noticed Donald
 38038 | Swamp:1  | Slain by Donald
 38150 | Swamp:1  | Killed Donald
 39345 | Swamp:2  | Reached skill level 5 in Necromancy
 39410 | Swamp:2  | HP: 4/112 [goliath frog (21)]
 39410 | Swamp:2  | Splashed by a goliath frog's acid
 41307 | Swamp:3  | Found a large runed translucent door.
 41308 | Swamp:3  | Found a large runed translucent door.
 41309 | Swamp:3  | Noticed Daxtuur's ghost (adept GrGl)
 41393 | Swamp:4  | Entered Level 4 of the Swamp
 43596 | Swamp:3  | Acquired 837 gold pieces
 43949 | Swamp:4  | Noticed a bone dragon
 44034 | Swamp:4  | Noticed farilari's ghost (adept SpHu)
 44036 | Swamp:4  | Noticed a thorn hunter
 44043 | Swamp:4  | Found a runed translucent gate.
 44043 | Swamp:4  | Found a runed translucent gate.
 44045 | Swamp:4  | Found a runed translucent gate.
 44243 | Swamp:4  | Identified the +5 chain mail "Plog" {rF+ Str+5 Dex+2}
 44383 | Swamp:4  | Killed a bone dragon
 44384 | Swamp:4  | Reached XP level 17. HP: 82/82 MP: 26/30
 44553 | Swamp:4  | Got a decaying rune of Zot
 44947 | Lair:3   | Lost mutation: Your spells are a little harder to cast, but
                  | a little more powerful. [potion of mutation]
 44947 | Lair:3   | Lost mutation: Your system is resistant to poisons. (rPois)
                  | [potion of mutation]
 44947 | Lair:3   | Gained mutation: You have hidden genetic potential. [potion
                  | of mutation]
 44947 | Lair:3   | Gained mutation: You are agile. (Dex +4, Str/Int -1)
                  | [potion of mutation]
 44947 | Lair:3   | Gained mutation: You are robust. (+10% HP) [potion of
                  | mutation]
 44949 | Lair:3   | Bought the ring "Egygg" {rElec rPois rCorr Int+4 Dex-5} for
                  | 577 gold pieces
 44978 | Snake:1  | Entered Level 1 of the Snake Pit
 44979 | Snake:1  | Found Rediriow's Book Boutique.
 44979 | Snake:1  | Found Fagroph's Jewellery Shoppe.
 44980 | Snake:1  | Found Gejet's Book Boutique.
 45070 | Snake:1  | Noticed Mlioglotl
 45101 | Snake:1  | Noticed Louise
 45362 | Snake:1  | Noticed Nikola
 46669 | Snake:1  | Killed Mlioglotl
 46697 | Snake:1  | Killed Louise
 47362 | Snake:2  | Noticed Vashnia
 47367 | Snake:2  | HP: 5/136 [naga sharpshooter/arrow[Vashnia] (19)]
 47368 | Snake:2  | Shot with a bolt by Vashnia
 48623 | Snake:2  | Killed Vashnia
 49264 | Snake:2  | Reached skill level 17 in Shapeshifting
 51298 | Snake:3  | Found a runed translucent door.
 51298 | Snake:3  | Found a shimmering altar of Xom.
 51298 | Snake:3  | Noticed Elezeri's ghost (adept DrSh)
 51812 | Snake:4  | Entered Level 4 of the Snake Pit
 51812 | Snake:4  | Found Turghots's CLEARANCE SALE!.
 51952 | Snake:4  | Reached skill level 15 in Fighting
 53199 | Snake:4  | Reached skill level 10 in Ice Magic
 53950 | Snake:4  | Reached XP level 18. HP: 97/97 MP: 31/31
 54006 | Snake:4  | Gained mutation: Your system is resistant to poisons.
                  | (rPois) [hidden potential]
 54796 | Snake:4  | Got a serpentine rune of Zot
 55244 | Snake:1  | Killed Nikola
 55451 | Snake:1  | Bought a book of Hexes for 396 gold pieces
 55461 | Snake:1  | Learned a level 7 spell: Enfeeble
 55755 | Swamp:4  | HP: 6/145 [ghoul (3)]
 55755 | Swamp:4  | Slain by a ghoul
 56332 | Swamp:4  | Identified the +2 falchion of Chaos {heavy, Will++}
 56340 | Swamp:4  | Identified the ring of Awe {rF+ rCorr Stlth+}
 56708 | D:13     | Bought a scroll of blinking for 90 gold pieces
 56708 | D:13     | Bought a scroll of teleportation for 36 gold pieces
 56708 | D:13     | Bought a scroll of blinking for 90 gold pieces
 56708 | D:13     | Bought a scroll of poison for 48 gold pieces
 56708 | D:13     | Bought a scroll of fear for 48 gold pieces
 56708 | D:13     | Bought a scroll of teleportation for 36 gold pieces
 57385 | D:14     | Killed Zunkoes's ghost
 57630 | Depths:1 | Entered Level 1 of the Depths
 57895 | Depths:1 | Reached skill level 18 in Shapeshifting
 59782 | Depths:1 | Got Niotrimext's Thoughts on the Baleful Bonfire
 60622 | Depths:2 | Found a one-way gate leading to the halls of Pandemonium.
 60935 | Depths:2 | Found a gateway to Hell.
 61442 | Depths:2 | Reached skill level 15 in Hexes
 61714 | Depths:2 | Noticed a lich
 63758 | Depths:3 | HP: 6/145 [spriggan air mage/the air (21)]
 64523 | Depths:3 | Reached XP level 19. HP: 98/102 MP: 28/32
 64843 | Depths:3 | Found Ytwacasm's Antique Weapon Shop.
 64858 | Depths:3 | Found a one-way gateway to a ziggurat.
 64958 | Depths:3 | Gained mutation: You are partially covered in iridescent
                  | scales. (AC +2) [hidden potential]
 64958 | Depths:3 | Lost mutation: You have hidden genetic potential. [hidden
                  | potential expressed]
 65054 | Depths:3 | Found a broken altar of Ashenzari.
 65106 | Depths:3 | Reached skill level 19 in Shapeshifting
 65636 | Depths:4 | Entered Level 4 of the Depths
 65966 | Depths:4 | Found a gateway to a bazaar.
 65975 | Bazaar   | Entered a bazaar
 65975 | Bazaar   | Found Meufipt's Antique Weapon Shop.
 65975 | Bazaar   | Found Riesmoyl's Distillery.
 66018 | Bazaar   | Found Haosievum's Antique Armour Shop.
 66052 | Bazaar   | Bought 2 potions of resistance for 240 gold pieces
 67444 | Depths:4 | Found a gate to the Realm of Zot.
 67446 | Depths:4 | Noticed a golden dragon
 67935 | Depths:4 | Noticed a bone dragon
 68242 | Elf:1    | Entered Level 1 of the Elven Halls
 68612 | Elf:1    | Identified the serpent talisman of Liberalism {rF++}
 68612 | Elf:1    | Noticed Aizul
 69587 | Elf:1    | Killed Aizul
 69970 | Elf:1    | Found Ugham's Book Boutique.
 72101 | Elf:1    | Reached skill level 20 in Shapeshifting
 72331 | Elf:2    | Found Ireonen's Antique Weapon Emporium.
 73090 | Elf:2    | Found a runed translucent gate.
 73091 | Elf:2    | Found a runed translucent gate.
 73091 | Elf:2    | Found a runed translucent gate.
 73496 | D:15     | Bought 2 potions of experience for 1700 gold pieces
 73632 | Elf:1    | Reached XP level 20. HP: 107/107 MP: 33/33
 73633 | Elf:1    | Reached XP level 21. HP: 112/112 MP: 34/34
 73935 | Elf:3    | Entered Level 3 of the Elven Halls
 74377 | Elf:3    | Paralysed by an air elemental for 1 turns
 74566 | Elf:3    | Reached skill level 15 in Stealth
 74875 | Abyss:3  | Cast into level 3 of the Abyss (+0 trident of distortion)
 74984 | Abyss:3  | Found a corrupted altar of Lugonu.
 75036 | Abyss:3  | Reached XP level 22. HP: 92/116 MP: 29/35
 75161 | Abyss:3  | Found a corrupted altar of Lugonu.
 75305 | Abyss:3  | Reached skill level 15 in Dodging
 75308 | Elf:3    | Escaped the Abyss
 75836 | Abyss:3  | Cast into level 3 of the Abyss (+0 trident of distortion)
 76073 | Abyss:4  | Found a corrupted altar of Lugonu.
 76105 | Abyss:4  | Found a corrupted altar of Lugonu.
 76114 | Abyss:4  | Found a corrupted altar of Lugonu.
 76114 | Abyss:4  | Found a corrupted altar of Lugonu.
 76135 | Abyss:4  | Killed from afar by a balrug
 76264 | Abyss:4  | Found a corrupted altar of Lugonu.
 76575 | Abyss:4  | Found a corrupted altar of Lugonu.
 76653 | Abyss:4  | HP: 8/174 [spatial maelstrom (5)]
 76654 | Abyss:4  | Reached skill level 15 in Unarmed Combat
 76661 | Abyss:4  | HP: 2/174 [tentacled starspawn (7)]
 76662 | Abyss:4  | Killed from afar by a starcursed mass
 76749 | Abyss:5  | Killed from afar by an ice dragon

Illustrated notes

Levels and vault maps discovered:
D:1:      tekkud_arrival_beachfront_property, layout_loops_cross,
          lemuel_flame_loot_1
D:2:      layout_loops_ring
D:3:      layout_basic, nicolae_grassy_gnolls
D:4:      layout_cave_pools, kennysheep_doodads, nicolae_custom_books,
          nicolae_stop_n_shop_2
D:5:      layout_cave_pools, serial_shops, shop, kennysheep_generic_room_9
D:6:      layout_rooms, chequers_big_river
D:7:      layout_cave_pools, elyvilon_altar_1,
          minmay_temple_entry_gardened_gates, serial_co_window_serial,
          co_window_paths_a, co_window_paths_a, co_window_of_opportunity_a,
          co_window_paths_a, co_window_corner_a, co_window_of_opportunity_b,
          co_window_corner_b, co_window_broadway_a, co_window_unsneaky_path_c,
          co_window_corner_cb, nicolae_stop_n_shop_1,
          nicolae_concentric_dashed_squares_wild
D:8:      layout_gridville, serial_shops, shop
D:9:      layout_irregular_city, lair_entry_dummy, minmay_checkerbox
D:10:     layout_loops_cross, nicolae_uskayaw_en_pointe, enter_trove_5,
          uniq_erolcha, uniq_lodul
D:11:     layout_basic, nicolae_hepliaklqana_hazy_memory
D:12:     layout_basic, orc_david_3, uniq_nessos, uniq_gastronok
D:13:     kennysheep_blocky_room, layout_gridville, erik_vaults_1,
          grunt_decor_one_mirror, uniq_urug
D:14:     layout_gridville, kennysheep_small_spiral, ebering_ghost_gozag
D:15:     grunt_enter_depths_hoard, layout_long_grid, serial_shops,
          nicolae_shop_behind_doors, chequers_serial_rivers_micro_a, uniq_agnes,
          uniq_rupert
Temple:   nicolae_temple_slightly_damp_pantheon
Lair:1:   layout_roguey, serial_forest, infiniplex_forest_lined_corner,
          infiniplex_forest_end_1, infiniplex_forest_lined_ring,
          infiniplex_forest_clump_tiny, infiniplex_forest_join,
          infiniplex_staircase_pool
Lair:2:   layout_loops_ring, serial_bayou_shore_a, uniq_prince_ribbit2
Lair:3:   layout_regular_city, palyth_hydra_swamp_entry, dummy_snake_entry,
          lemuel_fruit_tree, serial_bayou_shore_b, grunt_megastairs_2,
          uniq_kirke
Lair:4:   layout_cave_shapes, grunt_megastairs_1
Lair:5:   hellmonk_lair_end_abyssal_woods, layout_regular_city,
          nicolae_slime_entry_field_trip, grunt_megastairs_5
Swamp:1:  layout_basic_swamp, evilmike_swamp_ruin_rubble_1, uniq_donald
Swamp:2:  layout_basic_swamp, evilmike_swamp_ruin_rubble_2, swamp_pool_3
Swamp:3:  layout_basic_swamp, ebering_ghost_disaster_area, serial_swamp_ruin,
          evilmike_swamp_ruin_house_1, evilmike_swamp_ruin_house_3,
          evilmike_swamp_ruin_house_2, swamp_pool_1_2
Swamp:4:  swamp_pestilence, layout_basic_swamp, gammafunk_ghost_split
Snake:1:  layout_cave_pods, statue_in_the_mist_lemuel, minmay_shop_grove,
          uniq_nikola, uniq_mlioglotl, uniq_louise
Snake:2:  layout_grid_maze, special_room, uniq_vashnia
Snake:3:  layout_grid_shapes, ebering_ghost_xom
Snake:4:  minmay_snake_end_coiled, layout_cave_shapes, nicolae_shop_clearance
Orc:1:    layout_caves, enter_volcano_2, basic_altar
Orc:2:    st_orc_rangers, layout_caves
Elf:1:    minmay_the_grid_octo_tiled_squarecenter_mashed
          [minmay_the_grid_octo_77, minmay_the_grid_octo_checkerflower,
          minmay_the_grid_octo_pinwheel, minmay_the_grid_octo_horde,
          minmay_the_grid_square_5x5_megaprize_crossed,
          minmay_the_grid_square_5x5_checkered,
          minmay_the_grid_square_5x5_checkered_sparse,
          minmay_the_grid_square_5x5_minimal,
          minmay_the_grid_square_5x5_sharp_hourglass], layout_gridlike,
          serial_shops, nicolae_shop_mannequins, hangedman_elf_represent,
          nicolae_elf_variegated_diamond, uniq_aizul
Elf:2:    nicolae_elf_blades_crystal_corner, layout_loops_corners, serial_shops,
          nicolae_stop_n_shop_2, st_stairs_2
Elf:3:    minmay_elf_hall_four_x, layout_gridlike, einodemon_crawler_minivault
Depths:1: layout_gridlike, hangedman_decor_opposing, hellmouth_1, abyss_entry,
          lemuel_freeze_loot_1
Depths:2: evilmike_hourglass, layout_cave_shapes, pan_entry, hell_entry,
          infiniplex_staircase_pillars_2
Depths:3: nicolae_hitomezashi [nicolae_hito_row, nicolae_hito_row,
          nicolae_hito_row, nicolae_hito_row, nicolae_hito_row,
          nicolae_hito_row, nicolae_hito_row, nicolae_hito_row,
          nicolae_hito_row, nicolae_hito_row, nicolae_hito_row,
          nicolae_hito_row, nicolae_hito_row, nicolae_hito_row,
          nicolae_hito_row, nicolae_hito_row, nicolae_hito_row,
          nicolae_hito_row], layout_honeycomb, enter_ziggurat_f,
          nicolae_ashenzari_skybound, abyss_entry, serial_shops, shop,
          pf_vacation_house_of_asmodeus, unseen_surprise_small
Depths:4: grunt_zot_entry_funnels, layout_gridlike, serial_shops, bzr_firewalk,
          grunt_mini_vestibule, minmay_misc_feat_five,
          nicolae_kite_square_tiling_tiny
Abyss:5:  base: Elf:1, hangedman_decor_lopped,
          due_evilmike_abyss_rune_seething_liches, abyss_furniture_001

Skill      XL: |  1  2  3  4  5  6  7  8  9 10 11 12 13 14 15 16 17 18 19 20 21 22 |
---------------+-------------------------------------------------------------------+-----
Stealth        | 1 2 3 4 5 7 8 10 11 12 14 15 | 15.0
Shapeshifting  | 4 5 6 7 10 13 16 17 18 20 | 20.9
Unarmed Combat | 4 5 6 7 8 9 10 11 13 14 15 | 15.0
Dodging        | 4 5 7 9 10 11 13 14 16 | 16.0
Hexes          | 3 6 7 10 11 13 14 15 17 18 | 18.0
Fighting       | 2 4 5 7 9 10 13 15 16 | 16.0
Spellcasting   | 3 4 6 7 8 |  8.0
Evocations     | 2 4 5 |  5.7
Conjurations   | 4 5 |  5.0
Ice Magic      | 4 6 8 9 10 | 10.0
Necromancy     | 3 7 8 |  8.0

Action                     |  1- 3 |  4- 6 |  7- 9 | 10-12 | 13-15 | 16-18 | 19-21 | 22-24 || total
---------------------------+-------+-------+-------+-------+-------+-------+-------+-------++-------
  Melee: Unarmed           |    72 |   137 |   194 |   588 |  1339 |  1277 |   436 |   236 ||  4279
         Punch             |     2 |     5 |    10 |    35 |    63 |   106 |    41 |    26 ||   288
         Bite              |     4 |    11 |    30 |   100 |   115 |   173 |    62 |    29 ||   524
         Constrict         |       |       |       |       |   102 |       |       |       ||   102
         Tailslap          |       |       |       |       |    72 |   269 |    72 |    45 ||   458
   Cast: Tukima's Dance    |       |       |    27 |    29 |    34 |     9 |    10 |       ||   109
         Hailstorm         |       |       |       |    26 |    13 |     3 |       |       ||    42
         Ozocubu's Armour  |       |       |       |    15 |    67 |   112 |    47 |    17 ||   258
         Magic Dart        |       |       |       |     7 |    75 |    86 |    30 |     3 ||   201
         Metabolic Englaci |       |       |       |       |     1 |    13 |    32 |     3 ||    49
         Vampiric Draining |       |       |       |       |       |     6 |       |       ||     6
         Anguish           |       |       |       |       |       |     5 |     7 |       ||    12
         Enfeeble          |       |       |       |       |       |     1 |     8 |     3 ||    12
 Invoke: Call Merchant     |       |       |       |       |     4 |     3 |       |       ||     7
         Potion Petition   |       |       |       |       |       |     2 |       |       ||     2
Ability: Breathe Fire      |       |       |       |       |    16 |    12 |     1 |     2 ||    31
         Evoke Blink       |       |       |       |       |       |     1 |       |       ||     1
  Evoke: Wand              |       |     6 |    31 |    26 |    39 |    31 |     2 |       ||   135
         Phantom mirror    |       |       |       |     2 |     3 |     2 |     1 |       ||     8
         Phial of floods   |       |       |       |       |     3 |     1 |       |       ||     4
    Use: Potion            |     1 |     2 |     3 |     7 |     5 |    17 |     5 |     4 ||    44
         Scroll            |       |     8 |     8 |     9 |    20 |    26 |     7 |    10 ||    88
   Stab: Sleeping          |     2 |     4 |     8 |    20 |    20 |    19 |    17 |       ||    90
         Paralysed         |       |       |     3 |       |     3 |       |       |       ||     6
         Distracted        |       |       |       |     5 |    10 |    10 |     4 |     6 ||    35
         Fleeing           |       |       |       |       |       |     1 |       |       ||     1
         Invisible         |       |       |       |       |       |       |     7 |     2 ||     9
 Armour: Skin              |    17 |    38 |    57 |   125 |   432 |   874 |   279 |   196 ||  2018
  Dodge: Dodged            |    47 |   183 |   154 |   467 |  1124 |   896 |   246 |   191 ||  3308
  Block: Other             |       |       |     1 |    82 |   219 |   202 |    73 |    40 ||   617
         Reflection        |       |       |       |     2 |    21 |    16 |     7 |       ||    46
   Form: Beast             |       |     1 |       |       |       |       |       |       ||     1
         Anaconda          |       |       |       |       |     1 |       |       |       ||     1
         Dragon            |       |       |       |       |     1 |       |       |       ||     1

Table legend: (Time is in decaauts)
 A = Elapsed time spent in this place.
 B = Non-inter-level travel time spent in this place.
 C = Inter-level travel time spent in this place.
 D = Time resting spent in this place.
 E = Time spent auto-exploring this place.
 F = Levels seen in this place.
 G = Mean time per level.
                   A        B        C        D        E       F      G
               +--------+--------+--------+--------+--------+-----+--------+
         Total |  73433 |  70839 |   2594 |  25377 |   7178 |  44 | 1668.9 |
       Dungeon |  22875 |  21519 |   1356 |   6046 |   2951 |  15 | 1525.0 |
        Temple |    489 |    322 |    167 |      0 |      0 |   1 |  489.0 |
          Lair |  11362 |  10901 |    461 |   3781 |   1188 |   5 | 2272.4 |
         Swamp |   8094 |   8014 |     80 |   3853 |   1042 |   4 | 2023.5 |
     Snake Pit |  10375 |  10148 |    227 |   3685 |    730 |   4 | 2593.8 |
  Orcish Mines |   1752 |   1580 |    172 |     51 |    544 |   2 |  876.0 |
   Elven Halls |   6829 |   6794 |     35 |   2452 |    428 |   3 | 2276.3 |
        Depths |   9752 |   9658 |     94 |   4914 |    263 |   4 | 2438.0 |
         Abyss |   1304 |   1304 |      0 |    413 |      0 |   4 |  326.0 |
        Bazaar |     93 |     93 |      0 |      0 |      0 |   1 |   93.0 |
       Volcano |    502 |    502 |      0 |    180 |     32 |   1 |  502.0 |
               +--------+--------+--------+--------+--------+-----+--------+

Top non-repeatable levels by time:
   Elf:1: 4151 daAuts
  Lair:5: 3350 daAuts
     D:9: 3108 daAuts
Depths:3: 3000 daAuts
 Snake:4: 2971 daAuts
 Snake:2: 2951 daAuts
    D:15: 2906 daAuts
 Swamp:3: 2732 daAuts
Depths:1: 2633 daAuts
    D:14: 2593 daAuts
Depths:2: 2496 daAuts
 Swamp:4: 2473 daAuts
  Lair:2: 2468 daAuts
 Snake:1: 2410 daAuts
  Lair:3: 2361 daAuts
